AoeStats
← yuannnnnnnnnnn

Arena

509554702Analyzed
4v4 RM · 7d ago on Sep 27, 2026· 25m 23s· 8 players
Game mode
Random Map
Map size
Large (8 player)
Population
200
Speed
Normal
Resources
Standard
Victory
Conquest
Starting age
Dark Age
Ending age
Imperial Age
RankedLock teamsTeams togetherTeam positionsShared explorationLock speedFull tech treeHidden civsTurbo modeCheats
Victory
Defeat
🇨🇳 Wei · China
842
+21
🇩🇪 Shu · Germany
816
+12
🇩🇪 Khmer · Germany
808
+12
🇩🇪 Franks · Germany
790
+13
🇨🇳 Persians · China
792
-15
🇨🇳 Franks · China
781
-14
🇨🇳 Turks · China
669
-10
🇹🇼 Varangians · Taiwan
631
-9
WINGER
0:32 Loom
11:18 Feudal Age
17:18 Castle Age
16:30 Double-Bit Axe
16:29 Horse Collar
16:45 Gold Mining
18:53 Bow Saw
18:45 Heavy Plow
23:22 Stone Mining
24:38 Gold Shaft Mining
iiiqq-qwzaa---q
9:40 Feudal Age
10:22 Double-Bit Axe
11:14 Wheelbarrow
10:45 Horse Collar
14:46 Horse Collar
19:57 Castle Age
19:29 Stone Mining
20:54 Bow Saw
20:51 Heavy Plow
20:48 Gold Mining
21:17 Hand Cart
22:03 Stone Shaft Mining
24:34 Forging
715113342
0:46 Loom
11:26 Feudal Age
19:01 Castle Age
18:29 Double-Bit Axe
18:38 Stone Mining
18:39 Gold Mining
18:51 Gold Mining
yuannnnnnnnnnn
2:17 Loom
13:42 Feudal Age
14:28 Horse Collar
14:36 Double-Bit Axe
23:05 Castle Age
22:40 Gold Mining
22:40 Stone Mining
24:48 Heavy Plow
christopher19931
10:58 Feudal Age
16:30 Castle Age
15:02 Double-Bit Axe
15:28 Stone Mining
16:20 Gold Mining
GreyMuR0
10:12 Feudal Age
13:54 Loom
16:32 Castle Age
16:53 Stone Mining
16:54 Double-Bit Axe
16:50 Horse Collar
21:38 Pikeman
22:40 Arson
氕氘氚
8:23 Loom
12:09 Feudal Age
13:41 Wheelbarrow
12:54 Horse Collar
14:17 Double-Bit Axe
22:03 Castle Age
20:09 Gold Mining
20:52 Stone Mining
23:28 Hand Cart
23:41 Bow Saw
24:17 Scale Barding Armor
VC
11:13 Feudal Age
14:04 Double-Bit Axe
15:11 Stone Mining
18:12 Castle Age
16:20 Gold Mining
17:23 Horse Collar
23:33 Wheelbarrow
22:44 Loom
Connection lost

Rejoining the realm…

Still unreachable

The connection could not be restored.

Session expired

The server has moved on; the page needs a fresh start.